 Dungeon Sprint DCSS version 0.30-a0-799-g109b55a442 (webtiles) character file.

Game seed: 10424933956869259712

609 octoduck the Bludgeoner (level 7, -5/85 HPs)
             Began as a Minotaur Berserker on Feb 20, 2023.
             Was an Elder of Trog.
             Slain by a gnoll sergeant
             ... wielding a +0 trident of distortion
              (7 damage)
             ... in the Dungeon (Sprint IX: "|||||||||||||||||||||||||||||").
             The game lasted 00:02:38 (283 turns).

octoduck the Bludgeoner (Minotaur Berserker)         Turns: 283, Time: 00:02:39

Health: -5/85      AC: 14    Str: 24    XL:     7   Next: 19%
Magic:  6/6        EV:  8    Int:  4    God:    Trog [****..]
Gold:   0          SH:  0    Dex: 12    Spells: 6/6 levels left

rFire   . . .      SeeInvis .    k - +2 dire flail (venom)
rCold   . . .      Faith    .    (shield currently unavailable)
rNeg    . . .      Spirit   .    n - +1 chain mail
rPois   .          Reflect  .    (helmet restricted)
rElec   .          Harm     .    l - +0 cloak
rCorr   .          Rampage  .    (no gloves)
Will    ++...      NoTele   +    m - +0 pair of boots Stlth
                                 (no amulet)
HPRegen 1.34/turn                o - +2 ring of protection
MPRegen 0.10/turn                p - +3 ring of dexterity

@: berserking, strong-willed, regenerating, slowed
A: horns 2, retaliatory headbutt
a: Renounce Religion, Berserk, Trog's Hand, Brothers in Arms


You were in the Dungeon.
You worshipped Trog.
Trog was greatly pleased with you.
You visited 1 branch

Inventory:

Hand Weapons
 k - a +2 dire flail of venom (weapon)
Armour
 l - a +0 cloak (worn)
 m - a +0 pair of boots (worn)
 n - a +1 chain mail (worn)
Jewellery
 o - a +2 ring of protection (left hand)
 p - a +3 ring of dexterity (right hand)
Wands
 j - a wand of iceblast (10)
Scrolls
 h - 2 scrolls of blinking
Potions
 c - a potion of invisibility
 d - a potion of heal wounds
 e - a potion of haste
 f - 4 potions of magic
 g - a potion of berserk rage
 i - 4 potions of curing


   Skills:
 - Level 3.6 Fighting
 + Level 18.3 Maces & Flails
 - Level 2.4 Armour
 - Level 2.1 Dodging


You had 6 spell levels left.
You didn't know any spells.
Your spell library was empty.

Dungeon Overview and Level Annotations

Branches:
Dungeon (1/1)

Altars:
Cheibriados
Dithmenos
Elyvilon
Fedhas
Gozag
Hepliaklqana
Kikubaaqudgha
Makhleb
Nemelex Xobeh
Okawaru
Qazlal
Ru
Sif Muna
Trog
Uskayaw
Vehumet
Wu Jian
Xom
Yredelemnul
Zin
The Shining One
Jiyva
Lugonu


Innate Abilities, Weirdness & Mutations

You have a pair of horns on your head.
You reflexively headbutt those who attack you in melee.


Message History

Your Maces & Flails skill increases to level 16!
You sock something! Something hits you. The gnoll sergeant closely misses you.
You barely miss something. Something hits you!
The gnoll sergeant hits you from afar with a +0 trident of distortion!
Space warps horribly around you!
* * * LOW HITPOINT WARNING * * *
Okay, then.
Okay, then.
You feel much better.
Something hits you but does no damage. x2
Something hits you.
The gnoll sergeant hits you from afar with a +0 trident of distortion!
Space warps horribly around you! Something hits you!
* * * LOW HITPOINT WARNING * * *
You feel much better. Something hits you.
Something hits you but does no damage.
The gnoll sergeant hits you but does no damage.
Something hits you but does no damage. The gnoll sergeant barely misses you.
A red film seems to cover your vision as you go berserk!
You feel yourself moving faster!
You feel mighty! Something hits you but does no damage. Something hits you!
The gnoll sergeant hits you from afar with a +0 trident of distortion!
Space warps horribly around you!
* * * LOW HITPOINT WARNING * * *
Something hits you but does no damage.
You bludgeon something!! Trog accepts your kill.
Reactivating autopickup.
You feel a bit more experienced. The gnoll sergeant barely misses you.
Your Maces & Flails skill gained 2 levels and is now at level 18!
You have reached level 7!
The gnoll sergeant hits you with a +0 trident of distortion!
* * * LOW HITPOINT WARNING * * *
Space warps around you.
* * * LOW HITPOINT WARNING * * *
Things that are here:
a +0 dagger; a +0 robe You thump the gnoll sergeant!
The gnoll sergeant is poisoned.
The gnoll sergeant is heavily wounded.
The gnoll sergeant hits you with a +0 trident of distortion!
You die...

▓.▓
▓.▓
▓.▓
▓.▓
▓)▓
▓.▓
▓'▓
▓)▓
▓@▓
▓g▓
▓T▓
▓.▓
▓.▓
▓+▓


You could see a troll and a gnoll sergeant (very poisoned).

Vanquished Creatures
  An unseen horror (D)
  A wraith (D)
  2 scorpions (D)
  An orc priest (D)
  2 orc wizards (D)
  A shadow imp (D)
  An ufetubus (D)
  A bat (D)
  A hobgoblin (D)
  2 ball pythons (D)
  A kobold (D)
14 creatures vanquished.

Notes
Turn   | Place    | Note
-------+----------+-------------------------------------------
     0 | D        | octoduck the Minotaur Berserker began the quest for the
                  | Orb.
     0 | D        | Reached XP level 1. HP: 19/19 MP: 0/0
     6 | D        | Reached skill level 4 in Maces & Flails
     7 | D        | Reached ** piety under Trog
     8 | D        | Reached skill level 5 in Maces & Flails
    20 | D        | Noticed a scorpion
    20 | D        | Noticed an orc wizard
    20 | D        | Noticed a scorpion
    23 | D        | Killed a scorpion
    24 | D        | Reached skill level 9 in Maces & Flails
    24 | D        | Reached XP level 2. HP: 17/26 MP: 1/1
    24 | D        | Reached XP level 3. HP: 21/31 MP: 2/2
    35 | D        | Reached *** piety under Trog
    36 | D        | Reached skill level 10 in Maces & Flails
    36 | D        | Reached XP level 4. HP: 32/39 MP: 3/3
    44 | D        | Killed a scorpion
    45 | D        | Reached skill level 12 in Maces & Flails
    45 | D        | Reached XP level 5. HP: 27/45 MP: 4/4
   189 | D        | Found a snail-covered altar of Cheibriados.
   189 | D        | Found a shadowy altar of Dithmenos.
   189 | D        | Found a white marble altar of Elyvilon.
   189 | D        | Found a blossoming altar of Fedhas.
   189 | D        | Found an opulent altar of Gozag.
   190 | D        | Found a hazy altar of Hepliaklqana.
   191 | D        | Found a viscous altar of Jiyva.
   192 | D        | Found an ancient bone altar of Kikubaaqudgha.
   193 | D        | Found a corrupted altar of Lugonu.
   194 | D        | Found a burning altar of Makhleb.
   195 | D        | Found a sparkling altar of Nemelex Xobeh.
   196 | D        | Found an iron altar of Okawaru.
   197 | D        | Found a stormy altar of Qazlal.
   198 | D        | Found a sacrificial altar of Ru.
   199 | D        | Found a shimmering blue altar of Sif Muna.
   200 | D        | Found a bloodstained altar of Trog.
   201 | D        | Found a hide-covered altar of Uskayaw.
   202 | D        | Found a radiant altar of Vehumet.
   203 | D        | Found an ornate altar of the Wu Jian Council.
   204 | D        | Found a shimmering altar of Xom.
   205 | D        | Found a basalt altar of Yredelemnul.
   206 | D        | Found a glowing silver altar of Zin.
   207 | D        | Found a glowing golden altar of the Shining One.
   262 | D        | Noticed a wraith
   262 | D        | Noticed a troll
   268 | D        | Reached **** piety under Trog
   269 | D        | Reached skill level 13 in Maces & Flails
   272 | D        | Killed a wraith
   273 | D        | Reached skill level 15 in Maces & Flails
   273 | D        | Reached XP level 6. HP: 35/51 MP: 5/5
   276 | D        | Reached skill level 16 in Maces & Flails
   281 | D        | Killed an unseen horror
   282 | D        | Reached skill level 18 in Maces & Flails
   282 | D        | Reached XP level 7. HP: 12/57 MP: 6/6
   282 | D        | HP: 1/85 [gnoll sergeant/+0 trident of distortion (4)]
   283 | D        | Slain by a gnoll sergeant

Illustrated notes

Levels and vault maps discovered:
D:        linesprint [early_d, line_temple, items_1, d_10, items_2, lair_1,
          lair_end, items_3, orc_1, orc_end, items_4, d_15, swamp_1, shoals_1,
          snake_1, spider_1, d_20, vaults_1, items_5, swamp_end, shoals_end,
          snake_end, spider_end, vaults_end, d_27, items_6, zot_1, zot_end,
          crypt_end, forest_end, elf_end, slime_end, tomb_end, abyss_end,
          pan_hell_end]

Skill      XL: |  1  2  3  4  5  6 |
---------------+-------------------+-----
Maces & Flails | 9 10 12 15 18 | 18.3
Fighting       | |  3.6
Armour         | |  2.4
Dodging        | |  2.1

Action                     |  1- 3 |  4- 6 |  7- 9 || total
---------------------------+-------+-------+-------++-------
  Melee: Mace              |    18 |    11 |       ||    29
         Dire flail        |       |    13 |     1 ||    14
         Headbutt          |       |     1 |       ||     1
 Invoke: Trog's Hand       |     1 |     1 |       ||     2
         Berserk           |       |     2 |       ||     2
    Use: Potion            |     1 |     2 |       ||     3
 Armour: Animal skin       |     3 |       |       ||     3
         Chain mail        |       |    10 |       ||    10
  Dodge: Dodged            |     7 |    14 |       ||    21

Table legend: (Time is in decaauts)
 A = Elapsed time spent in this place.
 B = Non-inter-level travel time spent in this place.
 C = Inter-level travel time spent in this place.
 D = Time resting spent in this place.
 E = Time spent auto-exploring this place.
 F = Levels seen in this place.
 G = Mean time per level.
                   A        B        C        D        E       F      G
               +--------+--------+--------+--------+--------+-----+--------+
         Total |    291 |    291 |      0 |    144 |      0 |   1 |  291.0 |
       Dungeon |    291 |    291 |      0 |    144 |      0 |   1 |  291.0 |
               +--------+--------+--------+--------+--------+-----+--------+

Top non-repeatable levels by time:
       D: 291 daAuts
